 Dungeon Crawl Stone Soup version 0.19-a0-607-g42021f0 (webtiles) character file.

65 pk666 the Ruffian (level 3, 0/36 HPs)
             Began as a Troll Monk on June 12, 2016.
             Slain by a goblin
             ... wielding a +0 dagger
             ... led by Robin
              (4 damage)
             ... on level 2 of the Dungeon.
             The game lasted 00:03:59 (826 turns).

pk666 the Ruffian (Troll Monk)                       Turns: 826, Time: 00:04:00

Health: 0/36       AC:  5    Str: 20    XL:     3   Next: 92%
Magic:  2/2        EV: 11    Int:  6    God:
Gold:   57         SH:  0    Dex: 12    Spells: 0 memorised, 2 levels left

rFire  . . .     SeeInvis .       - Unarmed
rCold  . . .     Gourm    +     a - +0 robe
rNeg   . . .     Faith    .     (no shield)
rPois  .         Spirit   .     (helmet restricted)
rElec  .         Dismiss  .     (no cloak)
rCorr  .         Reflect  .     (gloves unavailable)
SustAt .         Harm     .     (boots unavailable)
MR     .....                    (no amulet)
Stlth  +.........               (no ring)
                                (no ring)

@: not resistant to hostile enchantments, very unstealthy
A: unfitting armour, claws 3, fast metabolism 3, gourmand, regeneration 2,
shaggy fur 1, tough skin 2
a: no special abilities


You were on level 2 of the Dungeon.
You were not hungry.

You visited 1 branch of the dungeon, and saw 2 of its levels.

You collected 57 gold pieces.

Inventory:

Armour
 a - a +0 robe (worn)
Scrolls
 d - 2 scrolls of recharging {unknown}
 e - a scroll of fog {unknown}
 f - a scroll of identify {unknown}
 h - a scroll of remove curse {unknown}
Comestibles
 b - 3 bread rations
 i - a meat ration


   Skills:
 + Level 2.9 Fighting
 + Level 3.2 Dodging
 - Level 1.1 Stealth
 + Level 4.4 Unarmed Combat


You had 2 spell levels left.
You didn't know any spells.

Dungeon Overview and Level Annotations

Branches:
Dungeon (2/15)

Altars:

Annotations:
D:2 Robin


Innate Abilities, Weirdness & Mutations

You are too large for most types of armour.
You have claws for hands.
Your metabolism is lightning-fast.
You like to eat raw meat.
You heal very quickly.
You are covered in fur. (AC +1)
You have very tough skin. (AC +2)


Message History

The goblin closely misses you. The goblin hits you with a dagger.
* * * LOW HITPOINT WARNING * * *
The goblin hits you but does no damage.
It was a potion of magic.
Magic courses through your body.
You feel sick.
You are no longer poisoned.
The goblin barely misses you. x2; The goblin hits you but does no damage.
It was a potion of curing.
You feel better. The goblin hits you. The goblin closely misses you.
The goblin hits you with a dagger.
* * * LOW HITPOINT WARNING * * *
You closely miss the goblin.
The goblin is moderately wounded.
The goblin barely misses you. The goblin hits you with a dagger.
* * * LOW HITPOINT WARNING * * *
The goblin closely misses you.
You barely miss the goblin.
The goblin is moderately wounded.
The goblin hits you.
* * * LOW HITPOINT WARNING * * *
The goblin hits you but does no damage. The goblin hits you with a dagger.
You die...

#.#.# ##.#.#
#####....########## #
................... .#####
..##............. ......
.....#.........# ###.#...8
...###.#.###.#.# #......8.
....)#.........###g....8._
..##...#.###.#.g@gg.....8.
.###...#.#)#.#.g##g......8
## #...#.###)#...#........
....##..........##........
#### #.#.###.#.###......#.
# #..........# #.#....gg #
######.###.# ..!..g..g #..
..# ..###..#g


You could see Robin and 5 goblins.

Vanquished Creatures
  3 adders (D:2)
  A dart slug (D:2)
  2 giant geckos
  2 giant cockroaches (D:2)
  10 goblins
  2 hobgoblins
  3 kobolds
  3 bats (D:1)
  5 rats (D:1)
31 creatures vanquished.

Notes
Turn   | Place    | Note
--------------------------------------------------------------
     0 | D:1      | pk666 the Troll Monk began the quest for the Orb.
     0 | D:1      | Reached XP level 1. HP: 22/22 MP: 0/0
   332 | D:1      | Reached XP level 2. HP: 29/29 MP: 1/1
   743 | D:2      | Reached XP level 3. HP: 25/36 MP: 2/2
   795 | D:2      | Found a faded altar of an unknown god.
   795 | D:2      | Noticed Robin
   826 | D:2      | Slain by a goblin

Vault maps used:
D:1:      shiori_arrival_whats_in_store_for_you
D:2:      marbit_many_paths, ecumenical_altar_2, hangedman_abyss_or_decor_stabs,
          minmay_surrounded, uniq_robin

Skill      XL: |  1  2  3 |
---------------+----------+-----
Dodging        | 3 |  3.2
Fighting       | |  2.9
Stealth        | |  1.1
Unarmed Combat | |  4.4

Action                   || total
-------------------------++-------
Melee: Unarmed           ||    78
  Use: Potion            ||     2
 Stab: Sleeping          ||     1
  Eat: Chunk             ||     4
       Bread ration      ||     1
Armor: Robe              ||    33
Dodge: Dodged            ||    46
